Map: Winter's Gate LE

Players

Cuddlebear

  • Race: Terran Terran
  • Spawn Location: 11:00

Zanster - Winner!

  • Race: Zerg Zerg
  • Spawn Location: 5:00

VOD

Have the link to the VOD?

Description

Time

  • Played on: Sept. 6, 2019, 12:41 p.m.
  • Length: 8:55
Show
View Real Time Build Order
Export as new Build Order

Cuddlebear Terran 

Build Orders: Liberator Opening, Reaper Expand 

Get SALT Encoding   

  12  0:00  SCV  
  13  0:12  SCV  
  14  0:17  Supply Depot  
  14  0:25  SCV  
  15  0:38  SCV  
  15  0:39  Barracks  
  16  0:44  Refinery  
  16  0:50  SCV  
  17  1:02  SCV  
  18  1:15  SCV  
  19  1:27  Orbital Command  
  19  1:28  Reaper  
  20  1:42  Command Center  
  20  1:51  Supply Depot  
  20  1:55  SCV  
  20  2:00  Marine  
  22  2:07  SCV  
  23  2:10  Factory  
  23  2:19  SCV  
  23  2:22  Refinery  
  24  2:23  Barracks Reactor  
  24  2:31  SCV  
  25  2:43  SCV  
  26  2:55  SCV  
  26  3:08  SCV  
  26  3:09  Starport  
  26  3:11  Hellion x2  
  31  3:16  Barracks Tech Lab  
  32  3:20  SCV  
  32  3:23  Orbital Command  
  32  3:32  SCV, Hellion  
  32  3:33  Bunker, Hellion  
  36  3:44  Liberator, SCV  
  36  3:48  Barracks Tech Lab  
  37  3:54  Hellion x2  
  41  3:56  SCV x2  
  41  3:58  Supply Depot  
  46  4:11  Stimpack  
  46  4:20  SCV x2  
  46  4:23  Supply Depot  
  48  4:32  SCV x2  
  48  4:33  Command Center  
  48  4:36  Siege Tank  
  53  4:42  Supply Depot  
  53  4:44  SCV  
  53  4:45  SCV  
  55  4:46  Starport Reactor  
  55  4:48  Barracks  
  55  4:55  Marine  
  55  4:59  Barracks  
  56  5:01  SCV  
  56  5:02  Bunker, SCV  
  57  5:08  Bunker  
  57  5:13  SCV  
  54  5:22  SCV  
  54  5:23  Marine, Siege Tank  
  59  5:30  SCV  
  59  5:34  SCV  
  61  5:37  Marine x2  
  61  5:40  Marine  
  61  5:41  Starport Reactor  
  61  5:42  SCV  
  64  5:46  SCV  
  65  5:54  SCV  
  66  5:58  Siege Tank, SCV  
  66  6:00  Combat Shield  
  67  6:06  Marine x2, SCV  
  67  6:09  Marine  
  67  6:10  SCV  
  67  6:11  Orbital Command  
  72  6:13  Marine x2  
  74  6:18  SCV  
  74  6:19  Engineering Bay  
  74  6:21  Engineering Bay  
  74  6:22  Refinery  
  74  6:23  Refinery  
  74  6:24  Marine, Medivac  
  78  6:27  Medivac  
  78  6:29  Marine  
  78  6:30  Marine  
  78  6:31  SCV  
  77  6:48  Siege Tank  
  77  6:49  Marine x2  
  77  6:50  Marine, SCV  
  77  6:51  SCV  
  77  6:53  Orbital Command  
  79  6:56  Marine x2  
  79  6:58  Terran Infantry Weapons Level 1  
  81  7:10  Barracks  
  81  7:12  Barracks  
  81  7:14  Marine  
  81  7:15  Marine, SCV  
  83  7:18  Supply Depot  
  83  7:21  SCV, Supply Depot x2  
  85  7:26  SCV  
  85  7:28  SCV  
  85  7:29  Marine  
  88  7:31  Marine  
  88  7:32  Siege Tank  
  88  7:33  SCV  
  93  7:40  Marine x2, SCV, Medivac  
  93  7:42  Marine  
  100  7:44  SCV  
  100  7:53  Marine x2  
  99  7:59  Marine x2  
  99  8:03  Marine  
  84  8:07  Siege Tank, Medivac  
  84  8:11  Marine x2  
  70  8:12  Medivac  
  89  8:13  Barracks Reactor  
  89  8:14  Barracks Reactor  
  89  8:15  SCV  
  89  8:16  SCV x2  
  89  8:17  Marine  
  89  8:19  Marine  
  96  8:22  Supply Depot  
  96  8:23  Marine  
  97  8:27  SCV  
  97  8:28  SCV  
Show
View Real Time Build Order
Export as new Build Order

Zanster Zerg - Winner!

Build Orders: Pool First 

Get SALT Encoding   

  12  0:00  Drone  
  13  0:12  Overlord  
  13  0:17  Drone  
  14  0:31  Drone x2  
  16  0:36  Drone  
  16  0:42  Extractor  
  16  0:45  Spawning Pool  
  16  0:49  Drone  
  16  0:56  Drone  
  17  1:07  Drone  
  18  1:19  Hatchery  
  18  1:22  Drone  
  18  1:33  Queen  
  18  1:35  Zergling x2  
  21  1:40  Zergling x2  
  22  1:48  Metabolic Boost  
  22  1:53  Overlord  
  22  2:10  Queen  
  22  2:14  Drone x2  
  26  2:24  Drone  
  27  2:35  Queen  
  29  2:38  Drone x2  
  29  2:41  Drone  
  29  2:42  Overlord  
  29  2:43  Drone  
  29  2:44  Drone  
  34  2:46  Drone  
  35  2:55  Drone  
  35  3:10  Drone x3  
  38  3:20  Drone  
  38  3:22  Drone x5  
  38  3:26  Hatchery  
  38  3:27  Overlord  
  43  3:28  Drone  
  43  3:31  Overlord  
  44  3:40  Overlord  
  43  3:45  Roach Warren  
  42  3:49  Drone x5  
  42  3:51  Lair  
  42  3:53  Extractor  
  42  3:54  Drone  
  42  3:55  Extractor  
  46  4:00  Zergling x6  
  46  4:02  Drone  
  50  4:09  Overlord  
  50  4:11  Queen  
  50  4:13  Overlord  
  52  4:18  Drone  
  53  4:24  Zergling x6  
  53  4:26  Roach x3  
  53  4:29  Roach  
  64  4:35  Overlord  
  64  4:40  Roach x2  
  64  4:42  Spore Crawler  
  66  4:47  Roach  
  66  4:48  Roach  
  66  4:49  Glial Reconstitution  
  70  4:53  Overlord  
  70  5:02  Drone  
  70  5:03  Drone x5  
  76  5:08  Overlord  
  76  5:10  Drone  
  76  5:11  Queen  
  78  5:15  Drone  
  78  5:19  Drone x3  
  80  5:23  Ravager x3  
  82  5:28  Drone  
  82  5:30  Evolution Chamber x2  
  82  5:31  Drone  
  82  5:33  Drone  
  82  5:34  Drone  
  83  5:36  Drone x3  
  86  5:47  Overlord  
  81  5:52  Drone x8  
  89  5:57  Zerg Ground Armor Level 1, Zerg Melee Weapons Level 1  
  89  6:01  Overlord  
  87  6:04  Drone  
  87  6:05  Baneling Nest  
  87  6:09  Extractor x2  
  87  6:10  Drone x2  
  87  6:19  Drone, Hatchery  
  87  6:20  Drone  
  87  6:23  Drone  
  87  6:25  Spore Crawler  
  88  6:28  Zergling x8  
  88  6:29  Zergling x2  
  88  6:32  Hatchery  
  86  6:41  Drone x9  
  90  6:47  Drone  
  90  6:53  Drone x6  
  96  6:55  Drone x2  
  96  6:56  Centrifical Hooks  
  96  7:00  Overlord  
  98  7:07  Zergling x6  
  101  7:11  Overlord  
  101  7:19  Roach x2  
  101  7:21  Roach  
  106  7:23  Roach x3  
  106  7:24  Baneling x4  
  106  7:25  Ravager  
  106  7:26  Ravager x2, Overlord  
  106  7:29  Zergling x2  
  117  7:30  Zergling x10  
  117  7:33  Zergling x2  
  121  7:40  Zergling x6  
  124  7:46  Overlord  
  124  7:48  Baneling x6  
  124  7:49  Zergling x6  
  123  7:54  Overlord  
  118  8:00  Zergling x14, Roach x4  
  114  8:10  Zergling x4, Roach  
  115  8:17  Zergling x8  
  115  8:19  Infestation Pit  
  117  8:24  Zergling x2  
  117  8:25  Zergling x14  
  122  8:37  Zergling x20  
Tags
 
Add a new tag
Caveats
  • Supply blocks, unpowered buildings, or Contaminate may cause inaccurate times.
  • Supply counts are checked every 10 seconds.